 Dungeon Crawl Stone Soup version bcrawl-1.19.2-6-g6a88ae04c9 (webtiles) character file.

Game seed: 17355774542909843827

228218 JackS81 the Hoplite (level 18, -8/161 HPs)
             Began as a Minotaur Archaeologist on Dec 21, 2019.
             Was the Champion of Okawaru.
             Killed by the raging water
             ... invoked by a water nymph
              (17 damage)
             ... on level 4 of the Abyss on Jan 2, 2020.
             The game lasted 02:13:11 (27916 turns).

JackS81 the Hoplite (Minotaur Archaeologist)       Turns: 27916, Time: 02:13:11

Health: -8/161     AC: 27    Str: 20    XL:     18   Next: 70%
Magic:  20/22      EV: 16    Int:  8    God:    Okawaru [******]
Gold:   2652       SH: 38    Dex: 18    Spells: 17/17 levels left

rFire    + + .     SeeInvis +   R - +3 eveningstar "Reocaeli" {flame, Dex+3}
rCold    + + +     Gourm    .   f - +10 large shield of Ignorance {rN+ Int-4}
rNeg     + + +     Faith    .   x - +3 chain mail {rPois}
rPois    +         Spirit   .   c - +2 hat {SInv}
rElec    +         Reflect  +   I - +2 cloak
rCorr    +         Harm     .   i - +0 pair of gloves of Gufal {rC+ rN++ MR-}
MR       .....     NoTele   +   d - +1 pair of boots
Stlth    +.........             n - +2 amulet of reflection
HPRegen  0.36/turn              J - ring "Loarchae" {rF+ Str+3}
MPRegen  0.18/turn              P - ring of protection from cold

@: resistant, afraid, heroism, cannot translocate, mesmerised, very slow
A: retaliatory headbutt, horns 2
}: 1/15 runes: gossamer
a: Heroism, Finesse, Renounce Religion


You were on level 4 of the Abyss.
You worshipped Okawaru.
Okawaru was exalted by your worship.
You were hungry.

You visited 6 branches of the dungeon, and saw 25 of its levels.
You visited the Abyss 4 times.
You also visited: Volcano.

You collected 3801 gold pieces.
You spent 1149 gold pieces at shops.

Inventory:

Hand Weapons
 e - a +2 longbow of flaming
 R - the +3 eveningstar "Reocaeli" (weapon) {flame, Dex+3}
   (You acquired it on level 1 of the Spider Nest)

   It has been specially enchanted to burn those struck by it, causing extra
   injury to most foes and up to half again as much damage against particularly
   susceptible opponents.
   It affects your dexterity (+3).
Missiles
 G - 129 tomahawks of dispersal (quivered)
 H - 191 poisoned tomahawks
 T - 4094 arrows
Armour
 c - a +2 hat of see invisible (worn)
 d - a +1 pair of boots (worn)
 f - the +10 large shield of Ignorance (worn) {rN+ Int-4}

   It affects your intelligence (-4).
   It protects you from negative energy.
 i - the +0 pair of gloves of Gufal (worn) {rC+ rN++ MR-}
   (Okawaru gifted it to you on level 6 of the Lair of Beasts)

   It protects you from cold.
   It greatly protects you from negative energy.
   It affects your resistance to hostile enchantments.
 k - +0 acid dragon scales
 x - a +3 chain mail of poison resistance (worn)
 E - a +2 pair of gloves of dexterity
 F - the +9 plate armour of Day {Str+4}
   (You bought it in a shop in the Orcish Mines)

   It affects your strength (+4).
 I - a +2 cloak (worn)
 K - the +1 hat "Soroil" {rPois Regen+ MP+9}
   (Okawaru gifted it to you on level 10 of the Dungeon)

   It protects you from poison.
   It affects your magic capacity (+9).
   It increases your rate of regeneration.
Jewellery
 j - an uncursed amulet of regeneration
 n - a +2 amulet of reflection (around neck)
 p - an uncursed ring of positive energy
 q - an uncursed ring of resist corrosion
 B - a +3 ring of strength
 J - the ring "Loarchae" (left hand) {rF+ Str+3}
   (You found it on level 1 of the Elven Halls)

   [ring of protection from fire]

   It affects your strength (+3).
   It protects you from fire.
 P - a ring of protection from cold (right hand)
 X - an uncursed ring of positive energy
Wands
 u - a wand of digging (14)
 z - a wand of polymorph (13)
 M - a wand of iceblast (22)
 V - a wand of clouds (1)
Scrolls
 a - a scroll of enchant armour
 h - 3 scrolls of fear
 s - 7 scrolls of fog
 v - 4 scrolls of magic mapping
 y - 10 scrolls of enchant weapon
 C - 4 scrolls of teleportation
 O - 3 scrolls of blinking
 Q - 6 scrolls of remove curse
 Y - 2 scrolls of brand weapon
Potions
 m - 2 potions of resistance
 o - 5 potions of might
 r - 5 potions of agility
 t - 4 potions of magic
 w - 10 potions of curing
 D - 4 potions of lignification
 L - 4 potions of brilliance
 N - 4 potions of haste
 S - 3 potions of mutation
 U - a potion of flight
 W - 8 potions of ambrosia
 Z - 2 potions of cancellation
Miscellaneous
 l - a lightning rod (4/4)
Comestibles
 g - 27 rations {!d}


   Skills:
 * Level 14.4(19.4) Fighting
 * Level 18.6(23.6) Maces & Flails
 * Level 12.9(17.9) Armour
 + Level 7.8(12.8) Dodging
 - Level 2.6(7.6) Stealth
 * Level 24.3(27) Shields
   Level 4.3 Translocations
 + Level 6.9 Invocations


You had 17 spell levels left.
You didn't know any spells.
Your spell library contained the following spells:

 Spells                   Type           Power        Failure   Level  Hunger
 Blink                    Tloc           N/A          45%         2    ###....
 Animate Skeleton         Necr           N/A          89%         1    ##.....
 Beastly Appendage        Tmut           #.....       89%         1    ##.....
 Corona                   Hex            #......      89%         1    ##.....
 Flame Tongue             Conj/Fire      #....        89%         1    ##.....
 Magic Dart               Conj           #...         89%         1    ##.....
 Pain                     Necr           #.....       89%         1    ##.....
 Summon Small Mammal      Summ           #...         89%         1    ##.....
 Recall                   Summ/Tloc      N/A          94%         3    ####...
 Call Imp                 Summ           #.....       96%         2    ###....
 Corpse Rot               Necr           N/A          96%         2    ###....
 Ensorcelled Hibernation  Hex/Ice        #.....       96%         2    ###....
 Searing Ray              Conj           #.......     96%         2    ###....
 Sticks to Snakes         Tmut           #.......     96%         2    ###....
 Call Canine Familiar     Summ           #.......     99%         3    ####...
 Confuse                  Hex            #.......     99%         3    ####...
 Conjure Flame            Conj/Fire      #.......     99%         3    ####...
 Dazzling Spray           Conj/Hex       #.....       99%         3    ####...
 Iskenderun's Mystic Bla  Conj           #.......     99%         3    ####...
 Mephitic Cloud           Conj/Pois/Air  #.......     99%         3    ####...
 Regeneration             Chrm/Necr      #.........   99%         3    ####...
 Spider Form              Tmut/Pois      #..          99%         3    ####...
 Stone Arrow              Conj/Erth      #.....       99%         3    ####...
 Tukima's Dance           Hex            #.......     99%         3    ####...
 Vampiric Draining        Necr           #.........   99%         3    ####...
 Animate Dead             Necr           N/A          100%        4    #####..
 Fulminant Prism          Conj/Hex       #.........   100%        4    #####..
 Ice Form                 Ice/Tmut       #.......     100%        4    #####..
 Petrify                  Tmut/Erth      #.......     100%        4    #####..
 Summon Ice Beast         Ice/Summ       #.......     100%        4    #####..
 Yara's Violent Unravell  Hex/Tmut       #.........   100%        4    #####..
 Blade Hands              Tmut           #.........   100%        5    ######.
 Bolt of Draining         Conj/Necr      #.........   100%        5    ######.
 Irradiate                Conj/Tmut      #.........   100%        5    ######.
 Metabolic Englaciation   Hex/Ice        #.........   100%        5    ######.
 Summon Forest            Summ/Tloc      #.........   100%        5    ######.
 Summon Lightning Spire   Summ/Air       #.......     100%        5    ######.
 Tree Form                Hex/Tmut       N/A          100%        5    ######.
 Bolt of Cold             Conj/Ice       #.........   100%        6    #######
 Borgnjor's Vile Clutch   Necr/Erth      #.........   100%        6    #######
 Death Channel            Chrm/Necr      #.........   100%        6    #######
 Freezing Cloud           Ice/Air        #.........   100%        6    #######
 Ozocubu's Refrigeration  Ice            #.........   100%        6    #######
 Poison Arrow             Conj/Pois      #.........   100%        6    #######
 Simulacrum               Ice/Necr       #.........   100%        6    #######
 Summon Hydra             Summ           #.........   100%        6    #######
 Icicle Burst             Conj/Ice       #.........   100%        7    #######
 Mana Rupture             Conj/Hex       #.........   100%        7    #######


Dungeon Overview and Level Annotations

Branches:
Dungeon (11/12)            Temple (1/1) D:7            Lair (6/6) D:7
 Shoals (0/3) Lair:4       Spider (3/3) Lair:4        Slime (0/5) Lair:5
    Orc (1/1) D:8             Elf (3/3) Orc          Vaults (0/3) D:11

Altars:
Ashenzari
Cheibriados
Dithmenos
Elyvilon
Fedhas
Gozag
Hepliaklqana
Kikubaaqudgha
Lugonu
Makhleb
Nemelex Xobeh
Okawaru
Qazlal
Ru
Sif Muna
Trog
Uskayaw
Vehumet
Wu Jian
Xom
Yredelemnul
Zin
The Shining One
Beogh
Jiyva

Shops:
D:7 [   D:8 *   Orc ?*([


Innate Abilities, Weirdness & Mutations

You reflexively headbutt those who attack you in melee.
You have a pair of horns on your head.


Message History

* * * LOW HITPOINT WARNING * * *
The merfolk siren chants a haunting song.
You are mesmerised by the merfolk siren!
You block the worldbinder's attack. The worldbinder misses you.
The worldbinder calls forth creatures from the Lair of Beasts!
You block the rakshasa's attack. You block the water nymph's attack.
The merfolk siren chants a haunting song.
You hear an angry hiss.
That item cannot be evoked!
Press: ? - help, v - describe, . - travel
Here: a water nymph Some shallow water.
You gain the combat prowess of a mighty hero.
The worldbinder calls forth creatures from the Shoals!
The shadow slips into darkness.
The shadow flickers and vanishes for a moment.
The merfolk siren chants its luring song.
The water nymph gestures at you while chanting.
The water swirls and strikes you!
You die...

≈. ≈. ♣≈ ♣##+
♣S♣ ... §e≈♣ ..
Wx ♣cx♣ .## .≈♣
♣E♣♣m♣≈...#
.≈...♣R♣mE.≈....
♣.H@♣ .≈...#
..≈R≈♣♣♣xm♣....#
... ♣xxk....# #
§mFm§..##
..mF..###
.....## ..#...#
#..#


You could see 2 rakshasas, a satyr, a wind drake, a manticore, 2 water
elementals, 4 merfolk sirens, 2 water nymphs, 5 worldbinders, a black mamba, 2
blink frogs and a shadow (invisible).

Vanquished Creatures
  Gastronok (Lair:2)
  A bone dragon (Abyss:4)
  A lich (Abyss:2)
  Rupert (Lair:5)
  A deep elf blademaster (Elf:3)
  3 tentacled starspawn
  Agnes (Spider:3)
  4 deep elf sorcerers (Elf:3)
  A ghost moth (Spider:3)
  Louise (Elf:3)
  9 emperor scorpions
  2 deep elf elementalists (Elf:3)
  A ghoul (Abyss:2)
  An orc warlord (Orc)
  2 entropy weavers (Spider:1)
  A draconian annihilator (Abyss:2)
  2 spark wasps
  A lorocyproca (Abyss:3)
  6 deep elf annihilators (Elf:3)
  A dire elephant (Lair:6)
  A blizzard demon (Abyss:3)
  4 deep elf death magi
  Azrael (Elf:1)
  A quicksilver dragon zombie (Abyss:2)
  A deep elf high priest (Elf:3)
  Fannar (Lair:3)
  An ice dragon (Lair:5)
  6 hydras
  Psyche (D:10)
  Harold (D:11)
  An anaconda (Lair:6)
  3 centaur warriors (D:11)
  An alligator (Lair:5)
  A queen ant (Spider:1)
  5 two-headed ogres
  A tengu warrior (D:11)
  A catoblepas (Lair:6)
  A deep troll shaman (Lair:6)
  22 dancing weapons
  An orc high priest (Orc)
  3 death yaks (Lair:6)
  8 thrashing horrors
  12 deep elf knights
  A spatial maelstrom (Abyss:1)
  4 skeletal warriors
  3 unseen horrors
  A swamp dragon (Lair:5)
  A glowing orange brain (Abyss:3)
  A phantasmal warrior (Abyss:2)
  Pikel (D:4)
  38 deep elf magi
  A wolf spider zombie (D:11)
  An orb spider (shapeshifter) (Abyss:3)
  2 deep elf archers
  4 orb spiders
  4 orc knights
  3 orc sorcerers (Orc)
  5 manticores
  5 ugly things
  2 draconians (Abyss:4)
  14 wolf spiders
  3 moths of wrath
  A worldbinder (Abyss:3)
  11 elephants
  4 black mambas
  An apocalypse crab (Abyss:3)
  3 torpor snails
  2 centaur zombies
  2 smoke demons
  4 gargoyles (Volcano)
  7 cane toads
  2 rime drakes
  5 demonic crawlers
  10 komodo dragons
  A kobold demonologist (D:11)
  2 yaktaurs (D:11)
  An efreet (Abyss:3)
  A tormentor (Abyss:2)
  6 trolls
  17 jumping spiders
  A merfolk (Lair:4)
  A queen bee (D:8)
  A harpy zombie (D:9)
  An ancient zyme (Abyss:3)
  8 polar bears
  A queen bee (shapeshifter) (Abyss:3)
  2 raiju (Abyss:3)
  A wolf spider simulacrum (D:11)
  A hornet (shapeshifter) (D:11)
  A hornet (Spider:2)
  4 harpy skeletons (Volcano)
  3 large abominations
  7 slime creatures
  20 blink frogs
  7 hippogriffs
  A stone giant simulacrum (Abyss:3)
  A tarantella (shapeshifter) (Elf:2)
  3 flying skulls (Volcano)
  3 alligator skeletons (Volcano)
  3 centaur simulacra (D:11)
  A shadow (D:10)
  An air elemental (Elf:2)
  45 redbacks
  A redback (shapeshifter) (Elf:3)
  2 wraiths
  10 tarantellas
  3 ynoxinuls
  2 water elementals
  7 wyverns
  Eustachio (D:4)
  55 yaks
  4 basilisks
  9 small abominations
  A neqoxec (Abyss:2)
  2 vampire mosquitoes (D:11)
  A redback simulacrum (D:11)
  6 fire elementals (Elf:1)
  4 swamp worms (Lair:5)
  A steam dragon (Lair:6)
  A chaos spawn (Abyss:2)
  14 soldier ants (Spider:1)
  Menkaure (D:4)
  13 crocodiles
  An acid dragon (Lair:6)
  2 hell hounds (Elf:1)
  5 water moccasins
  5 porcupines
  25 orc warriors
  A hornet zombie (D:9)
  2 swamp drakes (Lair:6)
  4 sky beasts
  6 ice beasts (D:11)
  2 black bears
  2 phantoms
  8 ogres
  2 eyes of draining
  9 wolves
  2 centaurs
  2 big kobolds
  9 bullfrogs
  A wyvern zombie (D:7)
  7 scorpions
  30 killer bees
  3 wights (D:6)
  6 howler monkeys
  2 spriggan skeletons (Volcano)
  An electric eel (Lair:1)
  7 crimson imps
  2 starcursed masses (Abyss:4)
  Crazy Yiuf (D:2)
  13 orc priests
  A gnoll shaman (D:6)
  6 hounds
  9 jellies
  11 centaur skeletons
  Terence (D:2)
  An iguana (shapeshifter) (D:7)
  7 iguanas
  25 worker ants
  15 orc wizards
  A killer bee zombie (D:8)
  2 naga skeletons (Volcano)
  A howler monkey zombie (D:6)
  2 worker ant zombies (D:8)
  5 gnolls
  A howler monkey skeleton (D:9)
  14 adders
  3 shadow imps
  5 white imps (D:11)
  An ufetubus (Abyss:2)
  3 oozes
  2 adder zombies
  2 adder skeletons
  A worm (D:3)
  5 leopard geckos
  58 orcs
  2 giant cockroaches (D:3)
  8 goblins
  7 hobgoblins
  12 jackals
  9 kobolds
  3 quokkas
  2 ball pythons
  4 bats
  3 frilled lizards
  A jackal zombie (D:5)
  A leopard gecko skeleton (D:5)
  A quokka skeleton (D:4)
  11 rats
  2 butterflies
956 creatures vanquished.

Vanquished Creatures (collateral kills)
  A draconian shifter (Abyss:4)
  A draconian (Abyss:4)
  A starcursed mass (Abyss:4)
3 creatures vanquished.

Vanquished Creatures (others)
  A deep elf master archer (Elf:3)
  Nessos (Lair:5)
  A centaur warrior (D:11)
  A deep elf archer (Elf:3)
  A yak (Lair:6)
  An ice beast (D:7)
  3 slaves (D:4)
  2 centaurs (D:11)
  A gnoll (D:4)
  An adder (D:7)
  A leopard gecko (D:4)
  An orc (D:8)
  A kobold (D:11)
  5 fungi (Lair:6)
  A lurking horror (Abyss:4)
  12 plants
  5 starspawn tentacles
39 creatures vanquished.

Grand Total: 998 creatures vanquished

Notes
Turn   | Place    | Note
-------+----------+-------------------------------------------
     0 | D:1      | JackS81 the Minotaur Archaeologist began the quest for the
                  | Orb.
     0 | D:1      | Reached XP level 1. HP: 16/16 MP: 0/0
   182 | D:1      | Reached XP level 2. HP: 23/23 MP: 1/1
   751 | D:2      | Noticed Terence
   753 | D:2      | Reached XP level 3. HP: 28/28 MP: 2/2
   769 | D:2      | Killed Terence
   901 | D:2      | Found an ornate altar of the Wu Jian Council.
   966 | D:2      | Reached skill level 1 in Shields
   975 | D:2      | Reached XP level 4. HP: 27/35 MP: 3/3
  1149 | D:2      | Found a runed door.
  1339 | D:2      | Noticed Crazy Yiuf
  1346 | D:2      | Killed Crazy Yiuf
  1346 | D:2      | Reached skill level 5 in Maces & Flails
  1346 | D:2      | Reached skill level 2 in Shields
  1409 | D:3      | Reached skill level 3 in Shields
  1542 | D:3      | Reached XP level 5. HP: 40/40 MP: 4/4
  1699 | D:3      | Reached skill level 4 in Shields
  2080 | D:4      | Reached skill level 5 in Shields
  2123 | D:4      | Reached XP level 6. HP: 47/47 MP: 5/5
  2190 | D:4      | Noticed a hippogriff
  2221 | D:4      | Killed a hippogriff
  2221 | D:4      | Reached skill level 7 in Shields
  2299 | D:4      | Reached XP level 7. HP: 52/52 MP: 6/6
  2397 | D:4      | Found an iron altar of Okawaru.
  2404 | D:4      | Became a worshipper of Warmaster Okawaru
  2430 | D:4      | Noticed Pikel
  2434 | D:4      | Noticed Eustachio
  2472 | D:4      | Killed Pikel
  2472 | D:4      | Reached skill level 9 in Shields
  2472 | D:4      | Reached XP level 8. HP: 55/59 MP: 7/7
  2504 | D:4      | Noticed Menkaure
  2519 | D:4      | Killed Menkaure
  2575 | D:4      | Killed Eustachio
  2575 | D:4      | Reached * piety under Okawaru
  2673 | D:4      | Found a stormy altar of Qazlal.
  2998 | D:5      | Entered Level 5 of the Dungeon
  3151 | D:5      | Reached skill level 10 in Shields
  3494 | D:5      | Found a shadowy altar of Dithmenos.
  3559 | D:5      | Found a shimmering blue altar of Sif Muna.
  3657 | D:5      | Found a blossoming altar of Fedhas.
  3976 | D:5      | Found a shimmering altar of Xom.
  3976 | D:5      | Found a bloodstained altar of Trog.
  3988 | D:5      | Reached skill level 10 in Maces & Flails
  4096 | D:6      | Reached ** piety under Okawaru
  4254 | D:6      | Reached XP level 9. HP: 66/66 MP: 8/8
  4258 | D:6      | Reached skill level 1 in Armour
  4267 | D:6      | Reached skill level 11 in Shields
  4529 | D:6      | Found a shattered altar of Ashenzari.
  4611 | D:6      | Found a glowing silver altar of Zin.
  5189 | D:7      | Reached *** piety under Okawaru
  5228 | D:7      | Found Ymyer's Armour Shop.
  5300 | D:7      | Bought a +3 ring mail of poison resistance for 253 gold
                  | pieces
  5424 | D:7      | Noticed an elephant
  5427 | D:7      | Noticed a queen bee
  5427 | D:7      | a golden eye changed into a queen bee
  5439 | D:7      | Found a glowing golden altar of the Shining One.
  5456 | D:7      | Reached skill level 12 in Shields
  5465 | D:7      | Killed an elephant
  5578 | D:7      | Reached **** piety under Okawaru
  5635 | D:7      | Reached XP level 10. HP: 76/77 MP: 2/9
  5717 | D:7      | Found a staircase to the Lair.
  5935 | D:7      | Found a staircase to the Ecumenical Temple.
  5944 | Temple   | Entered the Ecumenical Temple
  6095 | Lair:1   | Entered Level 1 of the Lair of Beasts
  6124 | D:7      | Reached skill level 13 in Shields
  6416 | Lair:1   | Reached ***** piety under Okawaru
  6662 | Lair:1   | Reached skill level 5 in Dodging
  6967 | Lair:2   | Noticed Gastronok
  6983 | Lair:2   | Killed Gastronok
  6983 | Lair:2   | Reached ****** piety under Okawaru
  6983 | Lair:2   | Reached skill level 5 in Fighting
  6983 | Lair:2   | Reached skill level 5 in Armour
  6983 | Lair:2   | Reached skill level 14 in Shields
  6983 | Lair:2   | Reached XP level 11. HP: 88/88 MP: 7/10
  7247 | Lair:2   | Reached skill level 15 in Shields
  7785 | Lair:3   | Noticed a six-headed hydra
  7810 | Lair:3   | Killed a six-headed hydra
  7928 | Lair:3   | Noticed Fannar
  7956 | Lair:3   | Killed Fannar
  7956 | Lair:3   | Received a gift from Okawaru
  7993 | Lair:3   | Got a faintly glowing robe {god gift}
  8009 | Lair:3   | Identified the +1 robe "Echikeh" {rC- rN+ MR+++ Str-4}
                  | (Okawaru gifted it to you on level 3 of the Lair of Beasts)
  8140 | Lair:3   | Reached skill level 16 in Shields
  8182 | Lair:3   | Reached skill level 1 in Invocations
  8182 | Lair:3   | Reached XP level 12. HP: 83/97 MP: 11/11
  8276 | Lair:3   | Found a dark tunnel.
  8285 | Volcano  | Entered a volcano
  9136 | Lair:4   | Noticed a six-headed hydra
  9136 | Lair:4   | Noticed an eight-headed hydra
  9145 | Lair:3   | Killed an eight-headed hydra
  9145 | Lair:3   | Received a gift from Okawaru
  9285 | Lair:4   | Killed a six-headed hydra
  9285 | Lair:4   | Reached skill level 17 in Shields
  9390 | Lair:4   | Found a hole to the Spider Nest.
  9886 | Lair:4   | Found a staircase to the Shoals.
 10479 | Lair:5   | Noticed Nessos
 10527 | Lair:5   | Killed Nessos
 10527 | Lair:5   | Reached XP level 13. HP: 47/107 MP: 14/14
 10778 | Lair:5   | Found a frozen archway.
 11053 | Lair:5   | Found a viscous altar of Jiyva.
 11054 | Lair:5   | Found a staircase to the Slime Pits.
 11072 | Lair:5   | Found a viscous altar of Jiyva.
 11418 | Lair:5   | Noticed Rupert
 11437 | Lair:5   | Killed Rupert
 11630 | Lair:5   | Received a gift from Okawaru
 11698 | Lair:5   | Reached skill level 18 in Shields
 12170 | Lair:6   | Entered Level 6 of the Lair of Beasts
 12416 | Lair:6   | Reached skill level 15 in Maces & Flails
 12460 | Lair:6   | Received a gift from Okawaru
 12496 | Lair:6   | Got a pair of brightly glowing gloves {god gift}
 12502 | Lair:6   | Identified the +0 pair of gloves of Gufal {rC+ rN++ MR-}
                  | (Okawaru gifted it to you on level 6 of the Lair of Beasts)
 12665 | Lair:6   | Reached XP level 14. HP: 112/118 MP: 16/16
 12854 | Lair:6   | Reached skill level 5 in Invocations
 12959 | Lair:6   | Reached XP level 15. HP: 111/124 MP: 17/17
 13869 | Spider:1 | Entered Level 1 of the Spider Nest
 14142 | Spider:1 | Reached skill level 19 in Shields
 14195 | Spider:1 | Received a gift from Okawaru
 14597 | Spider:1 | Identified a scroll of acquirement
 14601 | Spider:1 | Got an iridescent eveningstar
 14602 | Spider:1 | Identified the +3 eveningstar "Reocaeli" {flame, Dex+3}
                  | (You acquired it on level 1 of the Spider Nest)
 15381 | Spider:2 | Reached skill level 10 in Fighting
 15738 | Spider:2 | Reached skill level 10 in Armour
 15804 | Spider:3 | Entered Level 3 of the Spider Nest
 15980 | Spider:3 | Received a gift from Okawaru
 16040 | Spider:3 | Reached skill level 20 in Shields
 16631 | Spider:3 | Noticed Agnes
 16650 | Spider:3 | Killed Agnes
 16793 | Spider:3 | Reached XP level 16. HP: 113/136 MP: 19/19
 17060 | Spider:3 | Received a gift from Okawaru
 17476 | Spider:3 | Got a gossamer rune of Zot
 17855 | D:8      | Identified the +8 quarterstaff of the Chain {drain, +Inv
                  | rC+ MR- Int+5}
 17936 | D:8      | Reached skill level 21 in Shields
 18462 | D:8      | Found Giajinit's Assorted Antiques.
 18511 | D:8      | Found a roughly hewn altar of Beogh.
 18511 | D:8      | Found a staircase to the Orcish Mines.
 18926 | D:9      | Found a corrupted altar of Lugonu.
 19577 | D:10     | Entered Level 10 of the Dungeon
 19788 | D:10     | Noticed Psyche
 19794 | D:10     | Killed Psyche
 19901 | D:10     | Identified the +1 hat "Soroil" {rPois Regen+ MP+9} (Okawaru
                  | gifted it to you on level 10 of the Dungeon)
 19901 | D:10     | Received a gift from Okawaru
 21360 | D:11     | Reached skill level 22 in Shields
 21515 | D:11     | Found a gate to the Vaults.
 21623 | D:11     | Reached XP level 17. HP: 138/146 MP: 20/20
 21643 | D:11     | Noticed Harold
 21654 | D:11     | Killed Harold
 21943 | Orc      | Entered the Orcish Mines
 21943 | Orc      | Found Nirush's Magic Scroll Emporium.
 21946 | Orc      | Paralysed by an orc sorcerer for 2 turns
 22001 | Orc      | Found a staircase to the Elven Halls.
 22524 | Orc      | Found a roughly hewn altar of Beogh.
 22628 | Orc      | Found Ichulef's Book Boutique.
 22652 | Orc      | Found Gynet's Antique Armour Boutique.
 22664 | Orc      | Bought a warped plate armour for 896 gold pieces
 22664 | Orc      | Identified the +9 plate armour of Day {Str+4} (You bought
                  | it in a shop in the Orcish Mines)
 22717 | Orc      | Found Axalia Layd's General Store.
 22736 | Orc      | Found Cienemu's Antique Weapon Boutique.
 23274 | Elf:1    | Entered Level 1 of the Elven Halls
 23290 | Elf:1    | Identified the +2 flail of the Tired Shrikes {drain, MR+
                  | Int+4} (Okawaru gifted it to you on level 1 of the Elven
                  | Halls)
 23290 | Elf:1    | Received a gift from Okawaru
 23443 | Elf:1    | Identified the ring "Loarchae" {rF+ Str+3}
 23858 | Elf:1    | Noticed Azrael
 23878 | Elf:1    | Killed Azrael
 24307 | Elf:2    | Found a runed gate.
 24307 | Elf:2    | Found a runed gate.
 24308 | Elf:2    | Found a runed gate.
 24621 | Elf:2    | Identified the Guide on Attacks
 24864 | Elf:2    | Received a gift from Okawaru
 25698 | Elf:2    | Reached skill level 23 in Shields
 25932 | Elf:3    | Entered Level 3 of the Elven Halls
 26343 | Elf:3    | Noticed Louise
 26390 | Elf:3    | Cast into level 1 of the Abyss (Louise)
 26473 | Abyss:1  | Identified the +7 hand axe of Garchiaf {chop, rC+}
 26518 | Abyss:1  | Found a corrupted altar of Lugonu.
 26562 | Elf:3    | Escaped the Abyss
 26584 | Elf:3    | Killed Louise
 26674 | Elf:3    | Cast into level 2 of the Abyss (a deep elf sorcerer)
 26743 | Abyss:2  | Reached XP level 18. HP: 119/159 MP: 21/21
 26771 | Abyss:2  | Identified the +0 chain mail "Tokk" {*Drain +Fly Str+6}
                  | (Okawaru gifted it to you on level 2 of the Abyss)
 26771 | Abyss:2  | Received a gift from Okawaru
 26873 | Abyss:2  | Noticed a lich
 26889 | Abyss:2  | Killed a lich
 27183 | Elf:3    | Escaped the Abyss
 27286 | Elf:3    | Cast into level 3 of the Abyss (a deep elf sorcerer)
 27674 | Elf:3    | Escaped the Abyss
 27681 | Elf:3    | Reached skill level 24 in Shields
 27711 | Elf:3    | Cast into level 4 of the Abyss (a deep elf sorcerer)
 27713 | Abyss:4  | Found a corrupted altar of Lugonu.
 27724 | Abyss:4  | Noticed a bone dragon
 27747 | Abyss:4  | Killed a bone dragon
 27773 | Abyss:4  | Found a corrupted altar of Lugonu.
 27786 | Abyss:4  | Identified the cursed +0 buckler of Youthful Indiscretion
                  | {rF+ Dex+2}
 27845 | Abyss:4  | HP: 6/161 [starcursed mass/accursed screaming (18)]
 27848 | Abyss:4  | HP: 1/161 [starcursed mass/accursed screaming (16)]
 27848 | Abyss:4  | Paralysed by accursed screaming for 2 turns
 27897 | Abyss:4  | Received a gift from Okawaru
 27910 | Abyss:4  | HP: 2/161 [water nymph/the raging water (14)]
 27916 | Abyss:4  | Killed from afar by a water nymph

Skill      XL: |  1  2  3  4  5  6  7  8  9 10 11 12 13 14 15 16 17 18 |
---------------+-------------------------------------------------------+-----
Maces & Flails | 2 3 4 5 6 7 8 10 12 13 15 16 18 | 18.6
Shields        | 1 3 5 7 9 10 12 14 16 17 18 20 22 23 24 | 24.3
Armour         | 3 5 6 7 8 9 10 11 12 | 12.9
Fighting       | 3 5 6 7 9 10 12 13 14 | 14.4
Dodging        | 4 5 6 7 |  7.8
Invocations    | 1 3 4 5 6 |  6.9
Translocations | 4 |  4.3
Stealth        | |  2.6

Action                   |  1- 3 |  4- 6 |  7- 9 | 10-12 | 13-15 | 16-18 || total
-------------------------+-------+-------+-------+-------+-------+-------++-------
Melee: Whip              |    88 |   240 |   477 |   371 |       |       ||  1176
       Headbutt          |     9 |    28 |    94 |   230 |   294 |   412 ||  1067
       Mace              |       |       |       |   278 |       |       ||   278
       Morningstar       |       |       |       |   161 |   742 |       ||   903
       Eveningstar       |       |       |       |       |   374 |  1768 ||  2142
Throw: Stone             |       |    24 |    15 |       |       |       ||    39
       Tomahawk          |       |       |     7 |     3 |    18 |     7 ||    35
Invok: Heroism           |       |       |       |     9 |    13 |    28 ||    50
       Finesse           |       |       |       |       |     2 |     8 ||    10
Evoke: Wand              |       |       |     1 |     2 |     1 |       ||     4
  Use: Scroll            |     1 |       |     5 |     2 |     9 |     6 ||    23
       Potion            |       |     5 |     6 |     1 |     4 |     7 ||    23
 Stab: Sleeping          |     5 |     2 |     2 |     1 |       |       ||    10
       Invisible         |       |       |     1 |       |       |       ||     1
       Distracted        |       |       |       |     1 |       |     1 ||     2
       Confused          |       |       |       |       |     3 |       ||     3
       Held in net/web   |       |       |       |       |       |     2 ||     2
  Eat: Chunk             |       |     4 |    12 |     9 |    10 |    21 ||    56
       Ration            |       |       |       |     2 |     4 |     4 ||    10
Armor: Robe              |    27 |    59 |    30 |       |       |       ||   116
       Ring mail         |       |       |     5 |    74 |       |       ||    79
       Chain mail        |       |       |       |    31 |   198 |   201 ||   430
Dodge: Dodged            |    44 |    94 |    79 |   111 |   135 |   198 ||   661
Block: Buckler           |       |    31 |     5 |       |       |       ||    36
       Large shield      |       |       |   415 |   873 |  1481 |  1971 ||  4740
       Reflection        |       |       |       |     1 |     9 |    82 ||    92
